 Dungeon Crawl Stone Soup version 0.31.0-9-g3a7656b989 (webtiles) character file.

Game seed: 12557814041045194415

14706 GenialerGandalf the Severer (level 12, -5/108 HPs)
             Began as a Hill Orc Fighter on Jan 25, 2024.
             Was an Elder of Beogh.
             Slain by a polar bear simulacrum (10 damage)
             ... in an ice cave.
             The game lasted 00:27:08 (10223 turns).

GenialerGandalf the Severer (Hill Orc Fighter)     Turns: 10223, Time: 00:27:09

Health: -5/108     AC: 22    Str: 24    XL:     12   Next: 19%
Magic:  16/16      EV:  9    Int: 13    God:    Beogh [****..]
Gold:   614        SH:  7    Dex: 18    Spells: 11/11 levels left

rFire   x . .        y - +6 hand axe "Gefenk" {freeze, *Rage Dex+8}
rCold   . . .        c - +0 buckler
rNeg    . . .        J - +7 Kryia's mail coat {PotionHeal*2 rC+}
rPois   +            G - +1 helmet "Plog" {rPois rF- rC- Int+5}
rElec   .            H - +0 cloak
rCorr   .            i - +0 pair of gloves
SInv    .            z - +0 pair of boots {Fly}
Will    .....        (no amulet) Stlth
                     (no ring)
HPRegen 0.38/turn    (no ring)
MPRegen 0.15/turn

%: random rage (20%)
@: flying
A: no striking features
a: Renounce Religion, Smiting, Recall Orcish Followers


You were in an ice cave.
You worshipped Beogh.
Beogh was greatly pleased with you.
You visited 1 branch of the dungeon, and saw 13 of its levels.
You also visited: Ice Cave.

You collected 692 gold pieces.
You spent 78 gold pieces at shops.

Inventory:

Hand Weapons
 a - a +0 war axe
 y - the +6 hand axe "Gefenk" (weapon) {freeze, *Rage Dex+8}
   (You found it on level 4 of the Dungeon)

   Dex+8:     It affects your dexterity (+8).
   *Rage:     It berserks you when you make melee attacks (+20% chance).
Missiles
 M - a throwing net (quivered)
Armour
 b - a +0 scale mail
 c - a +0 buckler (worn)
 g - a +0 plate armour
 i - a +0 pair of gloves (worn)
 z - a +0 pair of boots of flying (worn)
 C - a +2 plate armour of poison resistance
 G - the +1 helmet "Plog" (worn) {rPois rF- rC- Int+5}
   (You found it on level 6 of the Dungeon)

   Int+5:     It affects your intelligence (+5).
   rF-:       It makes you vulnerable to fire.
   rC-:       It makes you vulnerable to cold.
   rPois:     It protects you from poison
 H - a +0 cloak (worn)
 J - the +7 Kryia's mail coat (worn) {PotionHeal*2 rC+}
   (You found it on level 7 of the Dungeon)

   PotionHeal*2: Potions heal its wearer twice as much.
   rC+:       It protects you from cold.
Jewellery
 h - a +6 ring of dexterity
 B - a +6 ring of intelligence
 P - a +6 ring of intelligence
 R - an amulet of magic regeneration
 S - a ring of poison resistance
Wands
 m - a wand of iceblast (23)
 K - a wand of flame (28)
 O - a wand of charming (7)
 T - a wand of mindburst (8)
Scrolls
 f - a scroll of enchant weapon {unknown}
 j - 3 scrolls of enchant armour {unknown}
 k - 5 scrolls of teleportation
 n - a scroll of revelation {unknown}
 q - 2 scrolls of amnesia
 r - 2 scrolls of fog
 s - 3 scrolls of immolation {unknown}
 t - 2 scrolls of blinking {unknown}
 u - a scroll of butterflies {unknown}
 I - a scroll of brand weapon {unknown}
 L - 2 scrolls of vulnerability {unknown}
 N - 2 scrolls of identify
Potions
 d - 4 potions of might
 e - 2 potions of cancellation {unknown}
 l - 2 potions of degeneration
 o - 5 potions of enlightenment {unknown}
 p - 3 potions of magic {unknown}
 v - 2 potions of haste {unknown}
 w - a potion of brilliance {unknown}
 x - a potion of attraction {unknown}
 A - a potion of heal wounds
 D - 5 potions of curing {unknown}
 E - 3 potions of lignification {unknown}
 F - a potion of ambrosia {unknown}
 Q - 2 potions of mutation {unknown}


   Skills:
 * Level 10.7 Fighting
 * Level 15.8 Axes
 * Level 10.8 Armour
 * Level 8.7 Shields
 * Level 6.0 Invocations


You had 11 spell levels left.
You didn't know any spells.
Your spell library contained the following spells:

 Spells                   Type           Power      Damage    Failure   Level
 Cigotuvi's Dreadful Rot  Necr/Alch/Air  0%         N/A       73%         2
 Scorch                   Fire           0%         2d5       73%         2
 Ozocubu's Armour         Ice            0%         N/A       91%         3
 Tukima's Dance           Hex            0%         N/A       91%         3
 Dimensional Bullseye     Hex/Tloc       0%         N/A       100%        4
 Flame Wave               Conj/Fire      0%         2d4       100%        4
 Ignite Poison            Fire/Alch      0%         N/A       100%        4
 Iskenderun's Mystic Bla  Conj/Tloc      0%         2d3       100%        4
 Leda's Liquefaction      Alch/Erth      0%         N/A       100%        4
 Freezing Cloud           Conj/Ice/Air   0%         6-21      100%        5
 Lee's Rapid Deconstruct  Erth           0%         3d4*      100%        5
 Metabolic Englaciation   Hex/Ice        0%         N/A       100%        5
 Bombard                  Conj/Erth      0%         9d1       100%        6
 Sculpt Simulacrum        Ice/Alch       0%         N/A       100%        6
 Summon Cactus Giant      Summ           0%         N/A       100%        6


Dungeon Overview and Level Annotations

Branches:
Dungeon (13/15)            Temple (0/1) D:6            Lair (0/5) D:9
    Orc (0/2) D:10          IceCv (1/1)
 Vaults: D:13-14

Altars:
Elyvilon
Fedhas
Kikubaaqudgha
Makhleb
Okawaru
Qazlal
Sif Muna
Trog
Uskayaw
Vehumet
Wu Jian
Yredelemnul
Zin
The Shining One

Shops:
D:9 *   D:10 [

Annotations:
D:10 exclusion: obsidian statue


Message History

The world spins around you as you enter the gateway.
You enter an ice cave!
Found an ice covered gate leading back out of this place.
There is an ice choked empty arch of ancient stone here.
The wolf simulacrum bites you.
* * * LOW HITPOINT WARNING * * *
The wolf simulacrum freezes you!
* * * LOW HITPOINT WARNING * * *
The +7 Kryia's mail coat enhances the healing.
You feel much better. The wolf simulacrum barely misses you.
The death yak simulacrum barely misses you.
The polar bear simulacrum bites you! The polar bear simulacrum freezes you!
You block the polar bear simulacrum's attack. x2
You are too injured to fight recklessly!
You are too injured to fight recklessly!
You are too injured to fight recklessly!
You are too injured to fight recklessly!
You closely miss the wolf simulacrum. You slash the polar bear simulacrum!
You hit the death yak simulacrum. The wolf simulacrum closely misses you.
You slash the wolf simulacrum!
The wolf simulacrum vaporises!
Beogh accepts your kill.
You hit the polar bear simulacrum. You hit the death yak simulacrum.
The polar bear simulacrum barely misses you.
The polar bear simulacrum closely misses you.
The polar bear simulacrum barely misses you.
The death yak simulacrum gores you!
* * * LOW HITPOINT WARNING * * *
The death yak simulacrum freezes you!!
* * * LOW HITPOINT WARNING * * *
You hit the wolf simulacrum.
The wolf simulacrum is lightly damaged.
You hit the polar bear simulacrum.
You hit the death yak simulacrum but do no damage.
You block the wolf simulacrum's attack.
You block the death yak simulacrum's attack.
The polar bear simulacrum bites you.
* * * LOW HITPOINT WARNING * * *
The polar bear simulacrum freezes you!
You die...

#### ##..## #
###....##
....##Z......#
#....Z@.∩.∩.#
##...Z......#
##..##....##
### ##..##
####


You could see a wolf simulacrum, a death yak simulacrum and a polar bear
simulacrum.

Vanquished Creatures
  Harold (D:9)
  Erolcha (D:9)
  3 two-headed ogres
  A deep elf pyromancer (D:13)
  A manticore (D:12)
  A cyclops (D:11)
  3 gargoyles
  Maggie (D:8)
  2 unseen horrors
  A kobold demonologist (D:12)
  2 rime drakes (D:13)
  Jeremiah (D:8)
  Psyche (D:9)
  5 trolls
  A shadow (D:12)
  A centaur simulacrum (D:13)
  3 wraiths
  Grum (D:8)
  7 vampire mosquitoes
  Menkaure (D:7)
  3 acid dragons
  Duvessa (D:6)
  3 orc warriors
  2 black bears
  A sky beast (D:8)
  3 wolves
  2 centaurs
  An ogre (D:5)
  A phantom (D:5)
  A kobold brigand (D:7)
  2 gnoll sergeants
  3 bullfrogs
  2 scorpions
  12 wights
  Dowan (D:6)
  14 killer bees
  7 howler monkeys
  3 hounds
  3 jellies
  A sleepcap (D:4)
  A gnoll bouda (D:9)
  6 orc priests
  3 iguanas
  10 orc wizards
  A wolf simulacrum (IceCv)
  14 gnolls
  8 adders
  2 shadow imps
  2 white imps
  2 ufetubi (D:7)
  8 dart slugs
  A ribbon worm (D:4)
  19 orcs
  4 ball pythons
  3 bats (D:1)
  6 endoplasms
  3 giant cockroaches
  4 goblins
  8 hobgoblins
  8 jackals
  3 quokkas
  3 frilled lizards
  9 kobolds
  4 rats
236 creatures vanquished.

Vanquished Creatures (collateral kills)
  An orc priest (D:11)
  3 orcs (D:10)
4 creatures vanquished.

Vanquished Creatures (others)
  An arcanist (D:6)
  2 orc warriors (D:10)
  2 orc wizards
  4 orcs
9 creatures vanquished.

Grand Total: 249 creatures vanquished

Notes
Turn   | Place    | Note
-------+----------+-------------------------------------------
     0 | D:1      | GenialerGandalf the Hill Orc Fighter began the quest for
                  | the Orb.
     0 | D:1      | Reached XP level 1. HP: 19/19 MP: 1/1
    77 | D:1      | You fall into a shaft and drop 1 floor!
   175 | D:2      | Reached XP level 2. HP: 27/27 MP: 2/2
   207 | D:2      | Reached skill level 3 in Axes
   313 | D:2      | Reached XP level 3. HP: 31/33 MP: 3/3
   634 | D:1      | Reached XP level 4. HP: 39/40 MP: 4/4
  1369 | D:3      | Found an iron altar of Okawaru.
  1552 | D:3      | Reached skill level 4 in Axes
  1815 | D:3      | Found a faded altar of an unknown god.
  2138 | D:4      | Reached XP level 5. HP: 36/47 MP: 5/5
  2357 | D:4      | Reached skill level 5 in Axes
  2459 | D:4      | Found a white marble altar of Elyvilon.
  2504 | D:4      | Identified the +6 hand axe "Gefenk" {freeze, *Rage Dex+8}
  2530 | D:4      | Found a hide-covered altar of Uskayaw.
  2535 | D:4      | Found a blossoming altar of Fedhas.
  2709 | D:4      | Reached XP level 6. HP: 53/53 MP: 6/6
  2913 | D:5      | Entered Level 5 of the Dungeon
  3058 | D:5      | Noticed a black bear
  3062 | D:5      | Killed a black bear
  3063 | D:5      | Reached skill level 6 in Axes
  3063 | D:5      | Reached skill level 5 in Armour
  3068 | D:5      | Reached XP level 7. HP: 60/60 MP: 7/7
  3097 | D:5      | Reached skill level 5 in Fighting
  3577 | D:5      | Reached skill level 7 in Axes
  3913 | D:6      | Became a worshipper of Beogh the Brigand
  3952 | D:6      | Noticed Duvessa
  3953 | D:6      | Noticed Dowan
  3959 | D:6      | Killed Duvessa
  3961 | D:6      | Killed Dowan
  3962 | D:6      | Reached XP level 8. HP: 69/69 MP: 8/8
  4033 | D:6      | Found a bloodstained altar of Trog.
  4035 | D:6      | Noticed a wizard
  4040 | D:6      | Killed a wizard
  4083 | D:6      | Reached skill level 8 in Axes
  4083 | D:6      | Reached skill level 5 in Shields
  4439 | D:6      | Found a staircase to the Ecumenical Temple.
  4475 | D:6      | Identified the +1 helmet "Plog" {rPois rF- rC- Int+5}
  4535 | D:6      | Found a burning altar of Makhleb.
  4542 | D:6      | Found an ornate altar of the Wu Jian Council.
  4637 | D:6      | Reached skill level 9 in Axes
  4800 | D:7      | Noticed Menkaure
  4809 | D:7      | Killed Menkaure
  5165 | D:7      | Reached * piety under Beogh
  5208 | D:7      | Found the +7 Kryia's mail coat {PotionHeal*2 rC+}
  5244 | D:7      | Reached XP level 9. HP: 77/77 MP: 9/9
  5245 | D:7      | Reached skill level 10 in Axes
  5468 | D:8      | Noticed Grum
  5473 | D:8      | Reached skill level 11 in Axes
  5477 | D:8      | Killed Grum
  5536 | D:8      | Noticed Jeremiah
  5537 | D:8      | Noticed Maggie
  5548 | D:8      | Killed Maggie
  5797 | D:8      | Reached skill level 12 in Axes
  5811 | D:8      | Reached XP level 10. HP: 85/85 MP: 10/10
  5984 | D:8      | Found a glowing silver altar of Zin.
  6109 | D:8      | Killed Jeremiah
  6110 | D:8      | Reached skill level 1 in Invocations
  6163 | D:9      | Noticed a two-headed ogre
  6168 | D:9      | Reached skill level 13 in Axes
  6170 | D:9      | Reached ** piety under Beogh
  6178 | D:9      | Killed a two-headed ogre
  6331 | D:9      | Found Oskyickeuwk's General Store.
  6343 | D:9      | Bought a scroll of teleportation for 39 gold pieces
  6343 | D:9      | Bought a scroll of teleportation for 39 gold pieces
  6380 | D:9      | Noticed a two-headed ogre
  6390 | D:9      | Killed a two-headed ogre
  6424 | D:9      | Reached skill level 14 in Axes
  6438 | D:9      | Found an ancient bone altar of Kikubaaqudgha.
  6451 | D:9      | Noticed Erolcha
  6462 | D:9      | Killed Erolcha
  6537 | D:9      | Noticed Harold
  6562 | D:9      | Killed Harold
  6563 | D:9      | Reached XP level 11. HP: 52/95 MP: 13/13
  6706 | D:9      | Found a staircase to the Lair.
  6733 | D:9      | Found a shimmering blue altar of Sif Muna.
  6769 | D:9      | Found a glowing golden altar of the Shining One.
  6862 | D:9      | Found a basalt altar of Yredelemnul.
  6929 | D:9      | Found a stormy altar of Qazlal.
  6961 | D:9      | Found a radiant altar of Vehumet.
  6977 | D:9      | Noticed Psyche
  6982 | D:9      | Killed Psyche
  7300 | D:10     | Entered Level 10 of the Dungeon
  7413 | D:10     | Reached *** piety under Beogh
  7461 | D:10     | Reached skill level 15 in Axes
  7563 | D:10     | Found Icyul's Armour Shoppe.
  7564 | D:10     | Found a staircase to the Orcish Mines.
  7975 | D:10     | Noticed an obsidian statue
  8001 | D:10     | Noticed a soul eater
  8230 | D:11     | Noticed a cyclops
  8241 | D:11     | Killed a cyclops
  8284 | D:11     | Noticed a two-headed ogre
  8298 | D:11     | Killed a two-headed ogre
  9094 | D:12     | Reached skill level 10 in Armour
  9151 | D:12     | Noticed a manticore
  9164 | D:12     | Killed a manticore
  9165 | D:12     | Reached skill level 5 in Invocations
  9409 | D:12     | Reached skill level 10 in Fighting
  9601 | D:12     | Reached **** piety under Beogh
 10116 | D:13     | Noticed a deep elf pyromancer
 10124 | D:13     | Reached XP level 12. HP: 104/107 MP: 16/16
 10198 | D:13     | Found a frozen archway.
 10217 | IceCv    | Entered an ice cave
 10223 | IceCv    | HP: 5/108 [polar bear simulacrum (2)]
 10223 | IceCv    | Slain by a polar bear simulacrum

Illustrated notes

Levels and vault maps discovered:
D:1:      co_arrival_square_in_a_square_in_a_square, layout_rooms
D:2:      layout_basic, minmay_quantized
D:3:      layout_loops_ring, mainiacjoe_overflow_concentric_impassable,
          shapermc_ecumenical_altar_ellora, nrook_mini_vaults
D:4:      kennysheep_slugbush, layout_basic,
          mainiacjoe_overflow_six_doors_small, mainiacjoe_overflow_tiny_flanked,
          mainiacjoe_overflow_alcove_1, chequers_decorated_corner
D:5:      layout_gridville
D:6:      layout_loops_ring, amethyst_overflow_temple_binary, trog_wizard,
          minmay_temple_entry_antechambers, uniq_duvessa
D:7:      layout_gridville, uniq_menkaure
D:8:      layout_cave_pools, lemuel_coloured_pillars_altar, uniq_grum,
          uniq_jeremiah, uniq_maggie
D:9:      layout_gridville, nicolae_tso_swordbearing_angel,
          nicolae_overflow_hidden_temple, lemuel_doored_altar,
          kiku_gazebo_garden_becter, mainiacjoe_overflow_catwalk,
          old_standard_altar, serial_shops, nicolae_shop_hallway_plus,
          uniq_harold, uniq_erolcha, uniq_psyche
D:10:     layout_irregular_city, orc_david_3, reono_crystal_passage,
          minivault_16
D:11:     layout_basic
D:12:     layout_roguey, hangedman_decor_push
D:13:     layout_cross, serial_ice, serial_ice_i, serial_ice_b, serial_ice_n,
          serial_ice_e, serial_ice_f, serial_ice_g, portal_ice_cave_rime,
          minmay_misc_feat_iff, lightli_elemental_guards, uniq_frances
IceCv:    ice_cave_small_necro

Skill      XL: |  1  2  3  4  5  6  7  8  9 10 11 12 |
---------------+-------------------------------------+-----
Fighting       | 4 5 6 7 8 10 | 10.7
Axes           | 3 4 5 6 7 9 12 14 15 | 15.8
Armour         | 4 5 6 7 8 9 10 | 10.8
Shields        | 4 5 6 7 8 |  8.7
Invocations    | 3 5 6 |  6.0

Action                     |  1- 3 |  4- 6 |  7- 9 | 10-12 || total
---------------------------+-------+-------+-------+-------++-------
  Melee: War axe           |    88 |   107 |       |       ||   195
         Hand axe          |       |    27 |   169 |   401 ||   597
 Invoke: Convert to Beogh  |       |       |     1 |       ||     1
    Use: Scroll            |       |     4 |       |     1 ||     5
         Potion            |       |       |       |     4 ||     4
   Stab: Distracted        |       |       |       |     1 ||     1
 Armour: Scale mail        |    97 |   111 |    91 |   329 ||   628
  Dodge: Dodged            |    57 |    68 |    63 |   118 ||   306
  Block: Buckler           |    28 |    26 |    34 |   102 ||   190
